 Dungeon Crawl Stone Soup version 0.32-a0-814-g0968bab981 (webtiles) character file.

Game seed: 7977271976189237272

1276180 Ruich the Cryomancer (level 25, 147/163 (169) HPs)
             Began as a Demigod Conjurer on Mar 21, 2024.
             Escaped with the Orb
             ... and 3 runes on Mar 23, 2024!
             The game lasted 09:16:14 (133712 turns).

Ruich the Cryomancer (Demigod Conjurer)           Turns: 133712, Time: 09:16:15

HP:   147/163 (169) AC: 17    Str: 14    XL:     25   Next: 7%
MP:   53/53         EV: 15    Int: 46    God:
Gold: 1929          SH: 15    Dex: 15    Spells: 2/53 levels left

rFire   + + +        a - +6 Majin-Bo {spellvamp, MP+6 Int+6}
rCold   + + +        W - +4 kite shield
rNeg    . . .        g - quicksilver dragon scales
rPois   +            v - +1 hat "Atikoida" {rPois rF+}
rElec   +            u - +4 dragonskin cloak {Aegis}
rCorr   +            (no gloves)
SInv    .            (no boots)
Will    ++++.        H - amulet "Ydwayph" {Acrobat rElec rPois Regen+ Dex-3}
Stlth   ++           c - ring "Evvunn" {Wiz rF+ rCorr}
HPRegen 1.27/turn    A - ring of the Priest {rC+ Will+ Str+2}
MPRegen 0.33/turn

%: acrobat, wizardry (x1)
@: resistant, lightly drained
A: high MP 1, forlorn, divine attributes, iridescent scales 1, clumsy 1, cold
resistance 1, frail 2, MP-powered wands, sturdy frame 1
0: Orb of Zot
}: 3/15 runes: barnacled, slimy, gossamer
a: no special abilities


You escaped.
You visited 11 branches of the dungeon, and saw 52 of its levels.
You visited 1 bazaar.

You collected 7848 gold pieces.
You spent 5919 gold pieces at shops.


Innate Abilities, Weirdness & Mutations

You have an increased reservoir of magic. (+10% MP)
You shall have no god before yourself.
Your divine heritage dramatically boosts your attributes as you level up.
You are partially covered in iridescent scales. (AC +2)
You are clumsy. (Dex -2)
Your flesh is cold resistant. (rC+)
You are very frail. (-20% HP)
You expend magic power (3 MP) to strengthen your wands.
Your movements are slightly less encumbered by armour. (ER -2)


   Skills:
 * Level 14.6 Fighting
 - Level 13.2 Dodging
 - Level 8.3 Stealth
 - Level 10.0 Shields
 - Level 14.5 Spellcasting
 - Level 12.4 Conjurations
 - Level 7.0 Hexes
 - Level 5.0 Summonings
 - Level 5.0 Translocations
 - Level 21.2 Ice Magic
 - Level 5.0 Air Magic
 - Level 17.5 Earth Magic
 - Level 9.6 Alchemy
 - Level 3.9 Evocations
 - Level 16.0 Shapeshifting


You had 2 spell levels left.
You knew the following spells:

 Your Spells              Type           Power      Damage    Failure   Level
b - Bombard               Conj/Erth      53%        9d9       1%          6
c - Borgnjor's Vile Clut  Necr/Erth      42%        N/A       1%          5
i - Iskenderun's Mystic   Conj/Tloc      85%        2d17      1%          4
l - Lehudib's Crystal Sp  Conj/Erth      53%        10d13     14%         8
n - Eringya's Noxious Bo  Alch           44%        4d6       3%          6
p - Permafrost Eruption   Ice/Erth       59%        2x4d16    1%          6
r - Irradiate             Conj/Alch      47%        3d27      1%          5
v - Polar Vortex          Ice            61%        12d8*     16%         9
B - Blink                 Tloc           100%       N/A       1%          2

Your spell library contained the following spells:

 Spells                   Type           Power      Damage    Failure   Level
 Magic Dart               Conj           100%       1d8       0%          1
 Ensorcelled Hibernation  Hex/Ice        100%       N/A       0%          2
 Searing Ray              Conj           100%       2d8       0%          2
 Apportation              Tloc           100%       N/A       1%          1
 Kiss of Death            Conj/Necr      100%       2d13      1%          1
 Necrotise                Necr           100%       1d9       1%          1
 Slow                     Hex            100%       N/A       1%          1
 Summon Small Mammal      Summ           100%       N/A       1%          1
 Call Imp                 Summ           100%       N/A       1%          2
 Cigotuvi's Dreadful Rot  Necr/Alch/Air  100%       N/A       1%          2
 Jinxbite                 Hex            100%       N/A       1%          2
 Mercury Vapours          Alch/Air       100%       N/A       1%          2
 Static Discharge         Conj/Air       100%       3-8/arc   1%          2
 Sublimation of Blood     Necr           33%        N/A       1%          2
 Frozen Ramparts          Ice            100%       1d16      0%          3
 Hailstorm                Conj/Ice       100%       3d16      0%          3
 Ozocubu's Armour         Ice            100%       N/A       0%          3
 Passwall                 Erth           100%       N/A       0%          3
 Stone Arrow              Conj/Erth      100%       3d13      0%          3
 Call Canine Familiar     Summ           68%        N/A       1%          3
 Confusing Touch          Hex            78%        N/A       1%          3
 Gell's Gravitas          Tloc           68%        N/A       1%          3
 Inner Flame              Hex/Fire       60%        N/A       1%          3
 Mephitic Cloud           Conj/Alch/Air  86%        N/A       1%          3
 Sigil of Binding         Hex            78%        N/A       1%          3
 Summon Ice Beast         Ice/Summ       100%       N/A       1%          3
 Swiftness                Air            68%        N/A       1%          3
 Teleport Other           Tloc           68%        N/A       1%          3
 Tukima's Dance           Hex            78%        N/A       1%          3
 Volatile Blastmotes      Fire/Tloc      100%       2d18      1%          3
 Airstrike                Air            34%        2d(5-21)  1%          4
 Animate Armour           Summ/Erth      100%       N/A       1%          4
 Cause Fear               Hex            39%        N/A       1%          4
 Dimensional Bullseye     Hex/Tloc       36%        N/A       1%          4
 Flame Wave               Conj/Fire      74%        2d16      1%          4
 Fulminant Prism          Conj/Alch      47%        3d21      1%          4
 Ignite Poison            Fire/Alch      67%        N/A       1%          4
 Leda's Liquefaction      Alch/Erth      51%        N/A       1%          4
 Manifold Assault         Tloc           68%        N/A       1%          4
 Passage of Golubria      Tloc           68%        N/A       1%          4
 Petrify                  Alch/Erth      100%       N/A       1%          4
 Sticky Flame             Fire/Alch      67%        2d11      1%          4
 Summon Lightning Spire   Summ/Air       68%        N/A       1%          4
 Alistair's Intoxication  Alch           58%        N/A       1%          5
 Freezing Cloud           Conj/Ice/Air   50%        6-21      1%          5
 Lee's Rapid Deconstruct  Erth           57%        3d26*     1%          5
 Metabolic Englaciation   Hex/Ice        52%        N/A       1%          5
 Yara's Violent Unravell  Hex/Alch       41%        3d16      1%          5
 Sculpt Simulacrum        Ice/Alch       54%        N/A       1%          6
 Ozocubu's Refrigeration  Ice            61%        4d21      1%          7
 Anguish                  Hex/Necr       30%        N/A       2%          4
 Summon Mana Viper        Hex/Summ       73%        N/A       2%          5
 Vampiric Draining        Necr           33%        2d8       3%          3
 Martyr's Knell           Necr/Summ      54%        N/A       3%          4
 Summon Blazeheart Golem  Fire/Summ      54%        N/A       3%          4
 Summon Forest            Summ/Tloc      34%        N/A       3%          5
 Animate Dead             Necr           33%        N/A       11%         4
 Dispel Undead            Necr           33%        3d14      11%         4
 Dispersal                Tloc           34%        N/A       21%         6
 Curse of Agony           Necr           33%        N/A       26%         5
 Enfeeble                 Hex            39%        N/A       43%         7
 Shatter                  Erth           57%        3d43*     56%         9
 Monstrous Menagerie      Summ           34%        N/A       69%         7
 Summon Hydra             Summ           34%        N/A       69%         7
 Death Channel            Necr           16%        N/A       80%         6
 Haunt                    Necr/Summ      27%        N/A       95%         7
 Discord                  Hex            39%        N/A       97%         8
 Disjunction              Tloc           34%        N/A       100%        8
 Ignition                 Fire           16%        3d7       100%        8
 Infestation              Necr           16%        N/A       100%        8
 Chain Lightning          Conj/Air       42%        3d56      100%        9
 Fire Storm               Conj/Fire      37%        8d9       100%        9

Inventory:

Hand Weapons
 a - the +6 Majin-Bo (weapon) {spellvamp, MP+6 Int+6}
   (You found it on level 3 of the Elven Halls)

   Int+6:     It affects your intelligence (+6).
   MP+6:      It affects your magic capacity (+6).
 q - the +9 war axe "Luogar" {pain, *Corrode rPois rF++ rN+}
   (You took it off a deep elf death mage on level 3 of the Elven Halls)

   rF++:      It greatly protects you from fire.
   rPois:     It protects you from poison.
   rN+:       It protects you from negative energy.
   *Corrode:  It may corrode you when you take damage.
 K - a +9 rapier of speed
Missiles
 d - 7 throwing nets {=f}
Armour
 g - quicksilver dragon scales (worn)
 u - the +4 dragonskin cloak (worn) {Aegis}
   (You took it off Tiamat on level 5 of the Realm of Zot)

   Avatar's Aegis: It grants the wearer a chance to resist fire, cold, poison,
   electricity, acid, and negative energy.
 v - the +1 hat "Atikoida" (worn) {rPois rF+}
   (You found it on level 4 of the Spider Nest)

   rF+:       It protects you from fire.
   rPois:     It protects you from poison.
 W - a +4 kite shield (worn)
Magical Staves
 b - the staff "Kupheps" {rElec rC+ Int+5 Ice, !a}
   (You found it on level 5 of the Pits of Slime)

   [staff of cold]

   Base accuracy: +5 Base damage: 5 Base attack delay: 1.2 This weapon's minimum
   attack delay (0.6) is reached at skill level 12.
   Int+5:     It affects your intelligence (+5).
   rC+:       It protects you from cold.
   rElec:     It insulates you from electricity.
   Ice:       It increases the power of your Ice spells.
   It falls into the 'Staves' category.
   It is a one-handed weapon.
Jewellery
 c - the ring "Evvunn" (left hand) {Wiz rF+ rCorr}
   (You found it on level 4 of the Spider Nest)

   [ring of wizardry]

   Wiz:       It improves your spell success rate.
   rF+:       It protects you from fire.
   rCorr:     It protects you from acid and corrosion.
 h - a ring of positive energy
 w - a ring of protection from fire
 y - the amulet of Boqa {Regen+ RegenMP+ Int+3}
   (You found it on level 1 of the Spider Nest)

   [amulet of magic regeneration]

   It increases your rate of magic regeneration.
   Int+3:     It affects your intelligence (+3).
   Regen+:    It increases your rate of health regeneration.
   RegenMP+:  It increases your rate of magic regeneration.
 A - the ring of the Priest (right hand) {rC+ Will+ Str+2}
   (You bought it in a shop on level 1 of the Depths)

   [ring of protection from cold]

   Str+2:     It affects your strength (+2).
   rC+:       It protects you from cold.
   Will+:     It increases your willpower.
 B - a ring of protection from cold
 C - the ring "Buofe" {rPois rC+ Int+3}
   (You found it on level 3 of the Elven Halls)

   [ring of poison resistance]

   Int+3:     It affects your intelligence (+3).
   rC+:       It protects you from cold.
   rPois:     It protects you from poison.
 H - the amulet "Ydwayph" (around neck) {Acrobat rElec rPois Regen+ Dex-3}
   (You found it on level 5 of the Pits of Slime)

   [amulet of the acrobat]

   Acrobat:   It increases your evasion while moving and waiting.
   Dex-3:     It affects your dexterity (-3).
   rElec:     It insulates you from electricity.
   rPois:     It protects you from poison.
   Regen+:    It increases your rate of health regeneration.
 O - the ring "Xoci" {Wiz rC+ MP-9 Stlth+}
   (You found it on level 5 of the Pits of Slime)

   [ring of wizardry]

   Wiz:       It improves your spell success rate.
   rC+:       It protects you from cold.
   MP-9:      It affects your magic capacity (-9).
   Stlth+:    It makes you more stealthy.
 Q - a ring of willpower
 R - a ring of see invisible
Talismans
 U - a granite talisman
Wands
 e - a wand of mindburst (75)
 D - a wand of quicksilver (15)
 T - a wand of iceblast (25)
 X - a wand of digging (6)
Scrolls
 f - 4 scrolls of torment
 i - a scroll of silence {!r}
 k - 6 scrolls of immolation
 l - 13 scrolls of teleportation {@r2}
 m - 3 scrolls of amnesia
 p - a scroll of blinking
 F - 8 scrolls of vulnerability
 I - 5 scrolls of poison
 P - 26 scrolls of identify {@r1}
 V - 4 scrolls of fog
 Y - a scroll of summoning
Potions
 j - 3 potions of heal wounds {@q2}
 o - 4 potions of mutation
 t - 5 potions of invisibility
 x - 11 potions of curing {@q1}
 z - 5 potions of haste {@q3}
 E - 5 potions of brilliance
 G - a potion of resistance
 J - 5 potions of cancellation
 L - 11 potions of enlightenment
 Z - 6 potions of ambrosia
Miscellaneous
 n - a condenser vane
 r - a box of beasts
 s - a phantom mirror
 N - a lightning rod (4/4)

Dungeon Overview and Level Annotations

Branches:
Dungeon (15/15)            Temple (0/1) D:6            Lair (5/5) D:10
 Shoals (4/4) Lair:3       Spider (4/4) Lair:2        Slime (5/5) Lair:5
    Orc (2/2) D:11            Elf (3/3) Orc:2        Vaults (4/5) D:13
  Crypt (0/3) Vaults:3     Depths (4/4) D:15           Hell (visited)
    Zot (5/5) Depths:4
    Dis: Hell:1         Geh: Hell:1         Coc: Hell:1         Tar: Hell:1

Shops:
D:6 *   Orc:2 [:*!!   Elf:1 =   Elf:3 =   Shoals:2 *[   Vaults:4 (
Depths:1 =(=   Depths:3 ==:

Portals:
Hell: Depths:1 Depths:2 Depths:3 Depths:4
Abyss: Depths:1 Depths:3
Pandemonium: Orc:2 Depths:2 Depths:4
Ziggurat: Depths:1

Annotations:
D:10 2 transporters, pisaster's ghost, journeyman NaGl
Spider:2 Mara!, Mara
Elf:2 3 runed translucent doors
Depths:4 3 runed translucent doors
Hell Geryon
Zot:1 36 runed translucent doors
Zot:5 2 runed translucent doors, Qaniympis's ghost, veteran DgEE

#####.#.....#######.#
###.#..........### #.##
#....#.#....##...## #...
#.#.####...#####..###...
#.### ##.## ##..##... #.#
###..## #..##... #.#
##.....## #...#...
#.####..1....# ##...#...
#....#.@&.##§###........
#.#.##...###..##..#...##
#.#.....####.....####..#
##.####..# #.....##.###..
#...###..####....##.####.
#.....##.......###.....#.
#..†..##.....###........#
#......##...##...........
#........................


You could see Omal and a Tzitzimitl.


Message History

There is a stone staircase leading down here.
Unknown command.
You see here a +0 short sword.
A Tzitzimitl comes into view.
You feel protected. The Tzitzimitl gestures at you. You partially resist.
You feel drained.
Unknown command.
Omal comes into view.
Omal skitters, "Thy lungs shall be my luncheon!"
The Tzitzimitl gestures at you. The bolt of negative energy misses you.
Unknown command.
Press: ? - help, v - describe, . - travel
Here: Omal The floor.
Unknown command.
Unknown command.
Unknown command.
Blink to where?
Press: ? - help, Dir - move target
As you read the scroll of blinking, it crumbles to dust.
Unknown command.
You block Omal's attack. You block the Tzitzimitl's attack.
The Tzitzimitl bites you! You partially resist.
You feel drained.
There is a staircase leading out of the dungeon here.
Unknown command.
Omal hits you but does no damage. You block the Tzitzimitl's attack.
The Tzitzimitl misses you.
You have escaped!

Skill      XL: |  1  2  3  4  5  6  7  8  9 10 11 12 13 14 15 16 17 18 19 20 21 22 23 24 |
---------------+-------------------------------------------------------------------------+-----
Spellcasting   | 2 3 4 5 6 8 9 10 11 12 13 14 | 14.5
Conjurations   | 4 5 6 7 8 10 11 12 | 12.4
Translocations | 1 2 3 4 5 |  5.0
Alchemy        | 2 4 5 6 9 |  9.6
Summonings     | 5 |  5.0
Air Magic      | 5 |  5.0
Dodging        | 2 5 6 7 8 9 10 12 13 | 13.2
Stealth        | 2 5 7 8 |  8.3
Fighting       | 4 6 7 8 9 10 11 13 14 | 14.6
Earth Magic    | 2 7 10 13 17 | 17.5
Hexes          | 5 7 |  7.0
Shields        | 2 10 | 10.0
Ice Magic      | 10 11 13 17 19 20 21 | 21.2
Shapeshifting  | 9 14 16 | 16.0
Evocations     | 3 |  3.9

Action                     |  1- 3 |  4- 6 |  7- 9 | 10-12 | 13-15 | 16-18 | 19-21 | 22-24 | 25-27 || total
---------------------------+-------+-------+-------+-------+-------+-------+-------+-------+-------++-------
  Melee: Unarmed           |     6 |       |       |       |       |       |       |       |       ||     6
         Dagger            |     3 |     7 |       |       |       |       |       |       |       ||    10
         Rapier            |       |       |       |    52 |    35 |    25 |    10 |       |       ||   122
         Staff             |       |       |       |       |     4 |       |     2 |       |       ||     6
         Bo                |       |       |       |       |       |       |     1 |    13 |       ||    14
  Throw: Dart              |       |     7 |       |       |       |       |       |       |       ||     7
   Cast: Magic Dart        |    75 |   154 |   100 |    92 |   130 |    66 |       |       |       ||   617
         Searing Ray       |     5 |    19 |    13 |    18 |       |       |       |       |       ||    55
         Blink             |       |     1 |     1 |     1 |     4 |    11 |     8 |     1 |       ||    27
         Iskenderun's Myst |       |       |    17 |    36 |    32 |     5 |     7 |       |       ||    97
         Fulminant Prism   |       |       |    37 |    54 |    15 |       |       |       |       ||   106
         Summon Lightning  |       |       |     9 |    57 |   170 |   140 |    46 |     1 |       ||   423
         Bombard           |       |       |       |    10 |   367 |   285 |    74 |    31 |       ||   767
         Irradiate         |       |       |       |       |    19 |    72 |    98 |    73 |     2 ||   264
         Eringya's Noxious |       |       |       |       |     6 |       |       |     8 |       ||    14
         Lee's Rapid Decon |       |       |       |       |    16 |    28 |       |       |       ||    44
         Yara's Violent Un |       |       |       |       |    16 |     2 |       |       |       ||    18
         Leda's Liquefacti |       |       |       |       |     3 |    14 |     4 |       |       ||    21
         Permafrost Erupti |       |       |       |       |       |   226 |   450 |   203 |     1 ||   880
         Ozocubu's Refrige |       |       |       |       |       |       |    19 |     2 |       ||    21
         Polar Vortex      |       |       |       |       |       |       |     8 |   167 |     6 ||   181
         Lehudib's Crystal |       |       |       |       |       |       |       |     3 |       ||     3
         Borgnjor's Vile C |       |       |       |       |       |       |       |     1 |       ||     1
  Evoke: Wand              |       |     1 |     9 |     7 |    18 |    18 |     5 |     8 |     6 ||    72
         Lightning rod     |       |       |       |       |       |     6 |    12 |     3 |       ||    21
         Phantom mirror    |       |       |       |       |       |     3 |     1 |     1 |       ||     5
         Box of beasts     |       |       |       |       |       |     1 |     1 |       |       ||     2
    Use: Scroll            |       |       |    20 |     8 |    17 |    21 |    16 |    12 |     6 ||   100
         Potion            |       |       |     1 |     2 |     5 |    11 |    14 |     7 |     2 ||    42
   Stab: Distracted        |       |       |       |       |     2 |       |       |       |       ||     2
 Armour: Robe              |     8 |    40 |    64 |   154 |   344 |   488 |    25 |       |       ||  1123
         Skin              |       |       |       |       |       |       |   503 |   959 |     2 ||  1464
         Quicksilver drago |       |       |       |       |       |       |       |       |     5 ||     5
  Dodge: Dodged            |    11 |    26 |    33 |   154 |   373 |   521 |   319 |   705 |    12 ||  2154
  Block: Kite shield       |       |       |       |       |       |   484 |   330 |   436 |     5 ||  1255
         Reflection        |       |       |       |       |       |    61 |    13 |       |       ||    74
   Form: Statue            |       |       |       |       |       |       |     2 |       |       ||     2
                           |       |       |       |       |       |       |     1 |       |     1 ||     2

Levels and vault maps discovered:
D:1:      dpeg_arrival_arbitrary_b, layout_rooms, ebering_ecumenical_altar_webs,
          supply_closet_lemuel
D:2:      layout_loops_ring, basic_altar
D:3:      layout_rooms, ebering_ghost_disaster_area, gup_sewer_entry_pipe
D:4:      layout_basic, dk_rats_in_the_wall, uniq_blork_the_orc, uniq_robin,
          uniq_menkaure
D:5:      layout_basic, gammafunk_temple_overflow_statue,
          kennysheep_generic_room_11
D:6:      layout_rooms, lemuel_doored_altar, mainiacjoe_overflow_catwalk,
          lemuel_temple_firewalk_b, serial_shops, shop, st_stairs_3,
          uniq_jeremiah
D:7:      layout_cave_pools, vehumet_crystals, mainiacjoe_overflow_tiny_flanked,
          mainiacjoe_overflow_chevrons, gammafunk_ghost_stat_death,
          dk_vineyard_2, lemuel_flame_loot_1, uniq_crazy_yiuf_cottage,
          uniq_maurice, uniq_duvessa, uniq_pikel
D:8:      layout_loops_ring, uniq_amaemon
D:9:      layout_basic, minmay_misc_feat_cross
D:10:     layout_basic, dpeg_lair_monsters, gammafunk_ghost_arena,
          nrook_loot_triangle, nicolae_demonic_statue_gallery
D:11:     layout_irregular_city, david_orc_3, serial_ice, serial_ice_a,
          serial_ice_m, serial_ice_f, serial_ice_k,
          portal_ice_cave_entry_pillars_2, uniq_erica
D:12:     layout_loops_ring
D:13:     layout_irregular_city, hangedman_vaults_entry_quadrant_bands,
          elyvilon_altar_5
D:14:     layout_roguey, minmay_misc_feat_columns, minivault_16,
          minmay_misc_feat_more_columns, minmay_fire_ice_demons
D:15:     gammafunk_enter_depths_forms, layout_loops_corners, uniq_jorgrun,
          uniq_agnes, uniq_roxanne, uniq_kirke
Lair:1:   layout_gridlike, pdpol_lair_cabin_in_the_woods
Lair:2:   layout_cave_pods, nicolae_spider_entry_non_spiders,
          gammafunk_ghost_split, lemuel_fruit_tree, grunt_megastairs_4
Lair:3:   layout_chaotic_city, shoals_dummy_entry, basic_altar,
          serial_bayou_lagoon_a
Lair:4:   nzn_winding_woodlands_huge [nzn_winding_woodlands_5x15_split_checker,
          nzn_winding_woodlands_5x15_default, nzn_winding_woodlands_5x15_jagged,
          nzn_winding_woodlands_5x15_cabin,
          nzn_winding_woodlands_5x15_sidewinder,
          nzn_winding_woodlands_5x15_garden, nzn_winding_woodlands_5x15_pockets,
          nzn_winding_woodlands_5x15_default,
          nzn_winding_woodlands_5x15_crooked,
          nzn_winding_woodlands_5x15_concentric,
          nzn_winding_woodlands_center_pierced_h,
          nzn_winding_woodlands_center_triple_pond,
          nzn_winding_woodlands_15x15_thick_spiral], layout_regular_city,
          uniq_nessos, uniq_snorg
Lair:5:   cheibrodos_lair_end_hotspot, layout_concentric_octagons,
          dpeg_slime_entry_corner, gammafunk_ghost_necromancy,
          nicolae_quartered_pool_little, grunt_forest_small_clearing_treed,
          serial_bayou_shore_b, uniq_josephine
Shoals:1: layout_shoals, uniq_frances
Shoals:2: layout_shoals, serial_shops, nicolae_square_shop, nicolae_shop_gadgets
Shoals:3: layout_shoals, uniq_polyphemus
Shoals:4: shoals_end_hellmonk_lost_city, uniq_mlioglotl
Spider:1: layout_chambers, gammafunk_ghost_arena, uniq_rupert, uniq_asterion
Spider:2: layout_spider_delve, drop_trap, nicolae_spider_eight_legs,
          uniq_arachne
Spider:3: layout_cave_pods, nicolae_spider_webbed_stairs
Spider:4: spider_rune_water, hangedman_spider_tarantella_strand, uniq_mara
Slime:1:  layout_caves
Slime:2:  layout_caves
Slime:3:  layout_caves
Slime:4:  layout_caves
Slime:5:  slime_pit_nicolae_inversion
Orc:1:    layout_caves, minmay_orc_temple_a
Orc:2:    pf_orc_diabolical, layout_caves, serial_shops, nicolae_shop_trees
Elf:1:    nicolae_elf_arrival_no_cutting_in_line, layout_loops_corners,
          serial_shops, nicolae_shop_peninsula, nicolae_elf_altarnating,
          grunt_ministairs_1, serial_library_hellmonk_metal_room, uniq_norris,
          uniq_azrael
Elf:2:    nicolae_elf_blades_crystal_corner, layout_gridlike,
          nicolae_elf_m_pinch, minivault_24, chequers_hall_statues_corner_a,
          nicolae_elf_glassroom_feature
Elf:3:    minmay_elf_hall_hex, layout_geoelf_diagonals, serial_shops,
          nicolae_shop_trees, ebering_ghost_reflecting_pool, serial_sigils,
          serial_sigils_hangedman_clutch, serial_sigils_hangedman_confine,
          serial_sigils_hangedman_gut, serial_sigils_hangedman_stare,
          basic_altar, st_stairs_7, glass_columns_a
Vaults:1: v_misc_33, nicolae_vaults_trapezoid_lopsided_4, vaults_dpeg_hooks,
          nicolae_vaults_more_shelving_2, v_misc_28, ontoclasm_vaults_chip,
          layout_vaults_omnigrid, uniq_donald, uniq_nikola
Vaults:2: sword_in_stone, nicolae_vaults_little_squares_6, v_rooms_1,
          nicolae_vaults_puzzle_piece, ontoclasm_vaults_spin,
          nicolae_vaults_sesquioval_fish, nicolae_vaults_big_angled_halls,
          ontoclasm_vaults_gateway, hangedman_vaults_nails, v_alt_pattern_1,
          layout_vaults_big_room, serial_magic_research
Vaults:3: ontoclasm_vaults_fault, v_misc_13, minmay_crypt_entry_simple_round,
          vaults_room_fours, v_rooms_6, nicolae_vaults_more_shelving_1,
          grunt_vaults_funnel, v_misc_11, nicolae_vaults_double_plus_1,
          hangedman_vaults_snaps, nicolae_vaults_little_squares_3,
          vaults_dpeg_diagonal, nicolae_vaults_cochlea,
          nicolae_vaults_double_plus_1, nicolae_vaults_tetromino_Z_2,
          vaults_room_stairs_pillars, ontoclasm_vaults_decontamination,
          layout_vaults_big_cross
Vaults:4: nicolae_vaults_tetromino_T_1, st_squares, ontoclasm_vaults_twist,
          nicolae_vaults_trapezoid_lopsided_1,
          nicolae_vaults_network_quinsquares
          [nicolae_vaults_network_quincunx_subvault,
          nicolae_vaults_network_quincunx_subvault,
          nicolae_vaults_network_quincunx_subvault,
          nicolae_vaults_network_quincunx_subvault],
          nicolae_vaults_ring_of_whatevers, nicolae_vaults_closet_pinwheel_5,
          vaults_room_large_hall, nicolae_vaults_little_squares_2,
          v_alt_pattern_1, lightli_orcish_oven, grunt_vaults_bifocal,
          hangedman_vaults_cutoff, hangedman_vaults_capsules,
          layout_vaults_ring, serial_shops, nicolae_shop_tiny_glass
Depths:1: layout_long_grid, enter_ziggurat_d, abyss_entry, hell_entry,
          kiku_gazebo_pond_becter, serial_bayou_shore_b, grunt_megastairs_1,
          minmay_shop_star
Depths:2: regret_index_nemelex_summoning_deck_glade, layout_basic, pan_entry,
          grunt_metal_band
Depths:3: minmay_outward_triangles, layout_honeycomb,
          abyss_entry_small_statue_room, pf_hell_entry_tar_spiral,
          minmay_shop_grove, firewood_loft, minmay_staircase_statues
Depths:4: evilmike_zot_entry_castle, layout_small_grid, xom_teletrap_fun,
          pan_entry, hell_entry, serial_shops, bzr_entry_dummy,
          beargit_hepliaklqana_dungeon_heroes
Hell
Zot:1:    layout_basic, gammafunk_ghost_door_vault,
          regret_index_zotdec_carving_tricks
Zot:2:    infiniplex_zot_generator, layout_misc_corridors, st_stairs_12,
          grunt_ministairs_3
Zot:3:    layout_twisted_circle, hangedman_zot_decor_unnerving_road, st_stairs_5
Zot:4:    layout_gridlike, regret_index_zotdec_stipple_waver,
          regret_index_zotdec_ceiling_fans
Zot:5:    layout_basic, ebering_ghost_disaster_area, skrybe_zot_glass_2,
          uniq_tiamat

Notes
Turn   | Place    | Note
-------+----------+-------------------------------------------
     0 | D:1      | Ruich the Demigod Conjurer began the quest for the Orb.
     0 | D:1      | Reached XP level 1. HP: 14/14 MP: 5/5
   239 | D:1      | Reached skill level 2 in Spellcasting
   325 | D:1      | Reached XP level 2. HP: 20/20 MP: 4/7
   328 | D:1      | Learned a level 2 spell: Searing Ray
   359 | D:1      | Reached skill level 4 in Conjurations
   416 | D:1      | Learned a level 2 spell: Blink
   723 | D:1      | Reached XP level 3. HP: 26/26 MP: 6/9
  1313 | D:2      | Reached skill level 1 in Translocations
  1548 | D:2      | Reached XP level 4. HP: 33/33 MP: 5/10
  2621 | D:3      | Reached skill level 5 in Conjurations
  2621 | D:3      | Reached XP level 5. HP: 36/38 MP: 4/12
  2697 | D:3      | Learned a level 4 spell: Iskenderun's Mystic Blast
  2775 | D:3      | Reached skill level 2 in Translocations
  2965 | D:3      | Found a large runed translucent door.
  2965 | D:3      | Found a large runed translucent door.
  3131 | D:3      | Reached skill level 3 in Spellcasting
  3366 | D:3      | Noticed smokerry's ghost (weakling KoBe)
  3469 | D:3      | Killed smokerry's ghost
  3574 | D:4      | Noticed Robin
  3857 | D:3      | Killed Robin
  4192 | D:4      | Noticed an ogre
  4205 | D:4      | Killed an ogre
  4206 | D:4      | Reached XP level 6. HP: 45/45 MP: 9/13
  4767 | D:4      | Reached skill level 6 in Conjurations
  4939 | D:4      | Reached skill level 3 in Translocations
  5058 | D:4      | Noticed Blork the orc
  5068 | D:4      | Killed Blork the orc
  5069 | D:4      | Reached XP level 7. HP: 50/50 MP: 10/15
  5209 | D:4      | Noticed Menkaure
  5835 | D:4      | Killed Menkaure
  5995 | D:4      | Learned a level 4 spell: Fulminant Prism
  6004 | D:5      | Entered Level 5 of the Dungeon
  6167 | D:5      | Reached skill level 4 in Spellcasting
  6632 | D:5      | Reached skill level 1 in Alchemy
  6866 | D:5      | Reached skill level 2 in Alchemy
  6867 | D:5      | Reached skill level 4 in Translocations
  7440 | D:6      | Reached XP level 8. HP: 57/57 MP: 9/18
  7448 | D:6      | Reached skill level 7 in Conjurations
  7448 | D:6      | Reached skill level 3 in Alchemy
  7713 | D:6      | Noticed Jeremiah
  8021 | D:6      | Found Hestrado's General Store.
  8046 | D:6      | Killed Jeremiah
  8047 | D:6      | Reached skill level 4 in Alchemy
  8316 | D:6      | Found a staircase to the Ecumenical Temple.
  8528 | D:7      | Reached skill level 5 in Spellcasting
  8573 | D:7      | Noticed Maurice
  8701 | D:7      | Found a transporter.
  8702 | D:7      | Noticed dcgchant's ghost (novice DgHu)
  8850 | D:6      | Reached skill level 5 in Translocations
  8927 | D:7      | Reached XP level 9. HP: 62/62 MP: 7/20
  9129 | D:7      | Learned a level 4 spell: Summon Lightning Spire
  9162 | D:7      | Noticed Pikel
  9248 | D:7      | Found a transporter.
  9301 | D:7      | Killed Pikel
  9302 | D:7      | Reached skill level 2 in Summonings
  9302 | D:7      | Reached skill level 2 in Air Magic
  9417 | D:7      | Noticed Dowan
  9421 | D:7      | Noticed Duvessa
  9423 | D:7      | Killed Dowan
  9431 | D:7      | Killed Duvessa
  9432 | D:7      | Reached skill level 3 in Summonings
  9432 | D:7      | Reached skill level 3 in Air Magic
 10000 | D:7      | Found a runed translucent door.
 10001 | D:7      | Noticed Crazy Yiuf
 10097 | D:7      | Killed Maurice
 10098 | D:7      | Reached skill level 4 in Summonings
 10098 | D:7      | Reached skill level 4 in Air Magic
 10290 | D:7      | Killed Crazy Yiuf
 10376 | D:8      | Noticed Amaemon
 10380 | D:8      | Noticed an orange demon
 10391 | D:8      | Killed Amaemon
 10739 | D:8      | Killed an orange demon
 10740 | D:8      | Reached skill level 5 in Summonings
 10740 | D:8      | Reached skill level 5 in Air Magic
 11138 | D:8      | Reached skill level 2 in Dodging
 11138 | D:8      | Reached skill level 2 in Stealth
 11138 | D:8      | Reached XP level 10. HP: 39/70 MP: 10/22
 11145 | D:8      | Reached skill level 1 in Fighting
 11164 | D:6      | HP: 7/73 [poisoned by a water moccasin]
 11462 | D:7      | Reached skill level 2 in Fighting
 11462 | D:7      | Reached skill level 3 in Stealth
 11648 | D:7      | Reached skill level 3 in Dodging
 12409 | D:9      | Noticed a two-headed ogre
 12417 | D:9      | Noticed a two-headed ogre
 12417 | D:9      | Killed a two-headed ogre
 12418 | D:9      | Reached skill level 3 in Fighting
 12418 | D:9      | Reached skill level 4 in Dodging
 12418 | D:9      | Reached skill level 4 in Stealth
 12912 | D:9      | Reached skill level 4 in Fighting
 13137 | D:9      | Got the Compendium of Hopeless Bones
 13181 | D:9      | Reached skill level 5 in Stealth
 13262 | D:9      | Killed a two-headed ogre
 13882 | D:10     | Entered Level 10 of the Dungeon
 13906 | D:10     | Reached skill level 5 in Dodging
 14194 | D:10     | Found a staircase to the Lair.
 14216 | D:10     | Reached XP level 11. HP: 82/85 MP: 8/23
 14371 | D:10     | Noticed a two-headed ogre
 14379 | D:10     | Killed a two-headed ogre
 14380 | D:10     | Reached skill level 5 in Fighting
 14468 | D:10     | Noticed a two-headed ogre
 14469 | D:10     | Found a transporter.
 14469 | D:10     | Noticed a centaur warrior
 14470 | D:10     | Noticed a centaur warrior
 14521 | D:10     | Reached skill level 6 in Stealth
 14521 | D:10     | Noticed a sun demon
 14533 | D:10     | Killed a sun demon
 15039 | D:10     | Noticed pisaster's ghost (journeyman NaGl)
 15043 | D:10     | Found a transporter.
 15188 | D:10     | Reached skill level 6 in Dodging
 15425 | D:10     | Noticed a two-headed ogre
 15429 | D:10     | Killed a two-headed ogre
 15629 | Lair:1   | Entered Level 1 of the Lair of Beasts
 15636 | Lair:1   | Reached skill level 6 in Fighting
 15638 | Lair:1   | Reached skill level 7 in Stealth
 15875 | Lair:1   | Reached skill level 6 in Spellcasting
 15878 | Lair:1   | Reached skill level 8 in Conjurations
 16312 | Lair:1   | Found a runed translucent door.
 16340 | Lair:1   | Noticed Rupert
 16626 | Lair:1   | Learned a level 6 spell: Bombard
 17534 | Lair:2   | Noticed a skyshark
 17541 | Lair:2   | Killed a skyshark
 17542 | Lair:2   | Reached skill level 1 in Earth Magic
 17545 | Lair:2   | Reached skill level 2 in Earth Magic
 17904 | Lair:2   | Noticed jamsaran's ghost (journeyman TeAE)
 17977 | Lair:2   | Found a runed translucent gate.
 17977 | Lair:2   | Found a runed translucent gate.
 17993 | Lair:2   | Found a runed translucent gate.
 18156 | Lair:2   | Found a hole to the Spider Nest.
 18197 | Lair:2   | Reached XP level 12. HP: 90/97 MP: 18/26
 18203 | Lair:2   | Reached skill level 3 in Earth Magic
 18747 | Lair:2   | Reached skill level 7 in Spellcasting
 19165 | Lair:3   | Reached skill level 9 in Conjurations
 19165 | Lair:3   | Reached skill level 4 in Earth Magic
 19674 | Lair:3   | Reached skill level 5 in Earth Magic
 20311 | Lair:3   | Identified a potion of resistance
 20703 | Lair:3   | Reached skill level 6 in Earth Magic
 20705 | Lair:3   | Reached skill level 8 in Spellcasting
 20705 | Lair:3   | Reached skill level 7 in Earth Magic
 21156 | Lair:3   | Found a staircase to the Shoals.
 21739 | Lair:4   | Reached skill level 10 in Conjurations
 21887 | Lair:4   | Reached XP level 13. HP: 103/103 MP: 16/29
 22562 | Lair:4   | Reached skill level 8 in Earth Magic
 23595 | Lair:4   | Noticed Nessos
 23618 | Lair:4   | Killed Nessos
 24398 | Lair:4   | Reached skill level 9 in Earth Magic
 24971 | Lair:4   | Reached skill level 9 in Spellcasting
 27008 | Lair:4   | Reached skill level 11 in Conjurations
 27008 | Lair:4   | Reached skill level 10 in Earth Magic
 27681 | Lair:4   | Reached skill level 7 in Dodging
 28295 | Lair:4   | Identified the +5 dagger "Sunoliown" {venom, *Noise Fly
                  | Dex+4}
 28302 | Lair:4   | Noticed Snorg
 28309 | Lair:4   | Killed Snorg
 28739 | Lair:5   | Entered Level 5 of the Lair of Beasts
 28757 | Lair:5   | Reached skill level 7 in Fighting
 28947 | Lair:5   | Learned a level 5 spell: Irradiate
 29134 | Lair:5   | Found a staircase to the Slime Pits.
 29501 | Lair:5   | Found a runed translucent gate.
 29636 | Lair:5   | Reached skill level 5 in Alchemy
 29636 | Lair:5   | Reached XP level 14. HP: 113/113 MP: 24/32
 29933 | Lair:5   | Found a runed translucent gate.
 30280 | Lair:5   | Found a runed translucent gate.
 30285 | Lair:5   | Noticed Gadrel's ghost (journeyman CoFE)
 32023 | Lair:5   | Reached skill level 10 in Spellcasting
 32404 | Lair:5   | Reached skill level 8 in Dodging
 33661 | Lair:5   | Reached skill level 8 in Fighting
 34136 | Lair:5   | Found a large runed translucent door.
 34137 | Lair:5   | Found a large runed translucent door.
 34988 | Lair:5   | Noticed Josephine
 36404 | D:11     | Noticed Erica
 36674 | D:11     | Found a staircase to the Orcish Mines.
 36676 | D:11     | Killed Erica
 36677 | D:11     | Reached skill level 12 in Conjurations
 36868 | D:11     | Learned a level 5 spell: Yara's Violent Unravelling
 37570 | Orc:1    | Entered Level 1 of the Orcish Mines
 37575 | Orc:1    | Reached skill level 1 in Hexes
 39065 | Orc:2    | Entered Level 2 of the Orcish Mines
 39266 | Orc:2    | Found a staircase to the Elven Halls.
 39340 | Orc:1    | Reached skill level 2 in Hexes
 40315 | Orc:2    | Found Riumesm's General Store.
 41468 | Orc:2    | Found Veclal's Distillery.
 41477 | Orc:2    | Found Xeitri Vydi's Distillery.
 41485 | Orc:2    | Reached skill level 3 in Hexes
 42869 | Orc:2    | Reached skill level 4 in Hexes
 44047 | Orc:2    | Reached skill level 6 in Alchemy
 44824 | Orc:2    | Reached skill level 5 in Hexes
 45178 | Orc:2    | Found Riuk's Book Emporium.
 45178 | Orc:2    | Found a one-way gate leading to the halls of Pandemonium.
 45178 | Orc:2    | Found Nepret's Antique Armour Shoppe.
 45190 | Orc:2    | Bought a Fen Folio for 714 gold pieces
 45201 | Orc:2    | Learned a level 6 spell: Eringya's Noxious Bog
 45294 | Orc:2    | Bought a book of the Earth for 612 gold pieces
 45937 | D:12     | Reached XP level 15. HP: 122/122 MP: 27/34
 47060 | D:13     | Reached skill level 6 in Hexes
 47241 | D:13     | Reached skill level 7 in Alchemy
 47933 | D:13     | Found a gate to the Vaults.
 48426 | D:13     | Reached skill level 7 in Hexes
 48709 | D:13     | Reached skill level 8 in Alchemy
 50286 | D:14     | Reached skill level 9 in Alchemy
 51344 | D:15     | Entered Level 15 of the Dungeon
 51344 | D:15     | Noticed Kirke
 51531 | D:15     | Killed Kirke
 51737 | D:15     | Noticed Agnes
 51981 | D:15     | Killed Agnes
 52102 | D:15     | Noticed Roxanne
 52111 | D:15     | Learned a level 5 spell: Lee's Rapid Deconstruction
 52116 | D:15     | Killed Roxanne
 52717 | D:15     | Identified the staff of Ixigomej {rElec rPois Dex+3 Necro
                  | Alchemy}
 53022 | D:15     | Noticed Jorgrun
 53027 | D:15     | Killed Jorgrun
 53284 | D:15     | Reached skill level 9 in Dodging
 53302 | D:15     | Gained mutation: You possess an exceptional clarity of
                  | mind. [you]
 53818 | D:15     | Reached skill level 9 in Fighting
 53975 | D:15     | Found a staircase to the Depths.
 54198 | Spider:1 | Entered Level 1 of the Spider Nest
 54306 | Spider:1 | Noticed Asterion
 55150 | Spider:1 | Noticed an Executioner
 55346 | Lair:2   | Killed Asterion
 55347 | Lair:2   | Reached skill level 11 in Spellcasting
 55501 | Lair:2   | Learned a level 4 spell: Leda's Liquefaction
 55628 | Lair:2   | Reached skill level 1 in Shields
 56904 | Spider:1 | Reached skill level 2 in Shields
 57167 | Spider:1 | Reached XP level 16. HP: 132/132 MP: 21/36
 58087 | Spider:1 | Reached skill level 3 in Shields
 58194 | Spider:1 | Found a transporter.
 58194 | Spider:1 | Noticed Boorch's ghost (adept HuFE)
 58207 | Spider:1 | Found a transporter.
 58263 | Spider:1 | Reached skill level 4 in Shields
 58278 | Spider:1 | Identified the amulet of Boqa {Regen+ RegenMP+ Int+3}
 58290 | Spider:1 | Killed Boorch's ghost
 59195 | Spider:2 | Reached skill level 5 in Shields
 59579 | Spider:2 | Reached skill level 6 in Shields
 59604 | Spider:2 | Reached skill level 7 in Shields
 59671 | Spider:2 | Noticed Arachne
 59716 | Spider:2 | Killed Arachne
 59966 | Spider:2 | Reached skill level 8 in Shields
 60493 | Spider:2 | Reached skill level 9 in Shields
 62775 | Spider:4 | Entered Level 4 of the Spider Nest
 62775 | Spider:4 | Noticed Mara
 62781 | Spider:4 | Noticed Ruich's illusion
 63038 | Spider:4 | Noticed Ruich's illusion
 63509 | Spider:3 | Noticed Ruich's illusion
 64020 | Spider:3 | Noticed Ruich's illusion
 64513 | Spider:3 | Noticed Ruich's illusion
 65361 | Spider:4 | Reached skill level 10 in Dodging
 65362 | Spider:4 | Reached skill level 10 in Shields
 65443 | Spider:3 | Reached skill level 10 in Fighting
 65759 | Spider:4 | Reached XP level 17. HP: 140/140 MP: 6/37
 66381 | Spider:4 | Identified the ring "Evvunn" {Wiz rF+ rCorr}
 66748 | Spider:4 | Learned a level 6 spell: Permafrost Eruption
 66867 | Spider:4 | Reached skill level 1 in Ice Magic
 66962 | Spider:4 | Reached skill level 2 in Ice Magic
 67575 | Shoals:1 | Entered Level 1 of the Shoals
 67811 | Shoals:1 | Reached skill level 3 in Ice Magic
 68421 | Shoals:1 | Identified the +0 robe "Eceos" {Dex+3}
 68480 | Lair:3   | Reached skill level 4 in Ice Magic
 68608 | Shoals:1 | Noticed Frances
 68846 | Shoals:1 | Killed Frances
 69977 | Shoals:2 | Found Koll's Armour Shop.
 70088 | Shoals:2 | Bought the +1 helmet of Conscience {rN+ rCorr Dex+2} for
                  | 457 gold pieces
 70127 | Shoals:2 | Found Oseud's Gadget Gallery.
 70133 | Shoals:2 | Reached skill level 5 in Ice Magic
 71318 | Shoals:3 | Noticed Polyphemus
 71426 | Shoals:3 | Reached skill level 6 in Ice Magic
 73076 | Shoals:3 | Reached skill level 7 in Ice Magic
 73590 | Shoals:3 | Reached skill level 8 in Ice Magic
 74068 | Shoals:2 | Killed Polyphemus
 75118 | Shoals:3 | Reached skill level 9 in Ice Magic
 75592 | Shoals:3 | Upgraded the game from 0.32-a0-799-g95e1662365 to
                  | 0.32-a0-814-g0968bab981
 75637 | Shoals:4 | Entered Level 4 of the Shoals
 76084 | Shoals:4 | Identified the +9 rapier of Vylifonn {chaos, rF++ MP+9}
 77062 | Shoals:4 | Noticed Mlioglotl
 77192 | Shoals:4 | Noticed a bone dragon
 77562 | Shoals:3 | Killed Mlioglotl
 77563 | Shoals:3 | Reached skill level 10 in Ice Magic
 78515 | Shoals:4 | Reached skill level 12 in Spellcasting
 78731 | Shoals:4 | Reached XP level 18. HP: 149/149 MP: 26/39
 79272 | Shoals:4 | Reached skill level 11 in Fighting
 80596 | Shoals:4 | Got a barnacled rune of Zot
 81072 | Vaults:1 | Entered Level 1 of the Vaults
 81581 | Vaults:1 | Reached skill level 11 in Ice Magic
 82236 | Vaults:1 | Identified a scarf of resistance
 82490 | Vaults:1 | Noticed Nikola
 82501 | Vaults:1 | Killed Nikola
 82502 | Vaults:1 | Reached skill level 1 in Shapeshifting
 82660 | Vaults:1 | Reached skill level 2 in Shapeshifting
 82824 | Vaults:1 | Reached skill level 3 in Shapeshifting
 83064 | Vaults:1 | Reached skill level 4 in Shapeshifting
 83076 | Vaults:1 | Noticed Donald
 83082 | Vaults:1 | Killed Donald
 83554 | Vaults:1 | Reached skill level 5 in Shapeshifting
 84594 | Vaults:1 | Reached skill level 6 in Shapeshifting
 85356 | Lair:5   | Killed Gadrel's ghost
 85479 | Lair:5   | Identified a scroll of acquirement
 85480 | Lair:5   | Acquired 1220 gold pieces
 85611 | Shoals:2 | Bought a box of beasts for 680 gold pieces
 85949 | Orc:2    | Bought a runed robe for 133 gold pieces
 85951 | Orc:2    | Bought a transparent scale mail for 324 gold pieces
 85951 | Orc:2    | Identified the +4 scale mail of the Valley {rF+ Int+3} (You
                  | bought it in a shop on level 2 of the Orcish Mines)
 85992 | Orc:2    | Bought a potion of haste for 130 gold pieces
 85992 | Orc:2    | Bought 2 potions of brilliance for 104 gold pieces
 85992 | Orc:2    | Bought a potion of haste for 130 gold pieces
 85992 | Orc:2    | Bought a potion of invisibility for 104 gold pieces
 85994 | Orc:2    | Bought a potion of brilliance for 52 gold pieces
 85994 | Orc:2    | Bought a potion of enlightenment for 65 gold pieces
 85994 | Orc:2    | Bought a potion of heal wounds for 65 gold pieces
 86644 | Vaults:2 | Reached skill level 7 in Shapeshifting
 86873 | Vaults:2 | Identified the orb of Grottiness {*channel, Int+2}
 86873 | Vaults:2 | Noticed Frederick
 87724 | Vaults:2 | Killed Frederick
 87725 | Vaults:2 | Reached skill level 8 in Shapeshifting
 87860 | Vaults:2 | You fall into a shaft and drop 2 floors!
 88577 | Vaults:2 | Reached skill level 9 in Shapeshifting
 88602 | Vaults:2 | Reached XP level 19. HP: 147/158 MP: 6/40
 89627 | Vaults:3 | Found a staircase to the Crypt.
 89627 | Vaults:3 | Noticed a curse skull
 89940 | Vaults:3 | Killed a curse skull
 90065 | Vaults:3 | Reached skill level 10 in Shapeshifting
 92183 | Vaults:4 | Reached skill level 11 in Shapeshifting
 92437 | Vaults:4 | Found Buroemez's Weapon Shop.
 93256 | Vaults:4 | Reached skill level 12 in Shapeshifting
 93847 | Vaults:4 | Identified the +0 chain mail of the Game of Life {rF++
                  | Str+3}
 94729 | Vaults:4 | Reached skill level 13 in Shapeshifting
 95560 | Spider:4 | Learned a level 7 spell: Ozocubu's Refrigeration
 96956 | Spider:4 | Identified the +1 hat "Atikoida" {rPois rF+}
 96984 | Spider:4 | Got a gossamer rune of Zot
 97224 | Elf:1    | Entered Level 1 of the Elven Halls
 97342 | Elf:1    | Reached skill level 14 in Shapeshifting
 97732 | Elf:1    | Found Dubad's Jewellery Emporium.
 97740 | Elf:1    | Bought a ring of willpower for 350 gold pieces
 98128 | Elf:1    | Noticed Norris
 98148 | Elf:1    | Reached XP level 20. HP: 166/166 MP: 6/42
 98233 | Elf:1    | Killed Norris
 98517 | Elf:1    | Reached skill level 15 in Shapeshifting
 98650 | Elf:1    | Noticed Azrael
 98677 | Elf:1    | Killed Azrael
 99007 | Elf:1    | Got the Treatise on Fatal Obstruction
 99460 | Elf:2    | Found a runed translucent gate.
 99461 | Elf:2    | Found a runed translucent gate.
 99461 | Elf:2    | Found a runed translucent gate.
 99953 | Elf:3    | Entered Level 3 of the Elven Halls
100271 | Elf:3    | Found a runed translucent door.
100273 | Elf:3    | Noticed Jabb's ghost (adept DsGl)
100277 | Elf:3    | Killed Jabb's ghost
100278 | Elf:3    | Reached skill level 16 in Shapeshifting
100654 | Elf:3    | Found Irramod's Jewellery Shoppe.
100910 | Elf:3    | Reached skill level 12 in Ice Magic
101024 | Elf:3    | Identified the +9 war axe "Luogar" {pain, *Corrode rPois
                  | rF++ rN+}
101444 | Elf:3    | Reached skill level 13 in Spellcasting
101911 | Elf:3    | Reached skill level 13 in Ice Magic
102381 | Elf:3    | Found the +6 Majin-Bo {spellvamp, MP+6 Int+6}
102386 | Elf:3    | Identified the +5 chain mail of Whack-A-Mole {Harm}
102424 | Elf:3    | Identified the ring "Buofe" {rPois rC+ Int+3}
102437 | Elf:3    | Identified the +8 longbow "Hiore" {heavy, rF+ Dex+3 SInv}
102472 | Elf:3    | Got the Notes on Enthralled Pyromancy
103264 | Depths:1 | Entered Level 1 of the Depths
103323 | D:15     | Reached XP level 21. HP: 172/172 MP: 30/44
103564 | Depths:1 | Found a one-way gateway to a ziggurat.
103706 | Depths:1 | Found a one-way gate to the infinite horrors of the Abyss.
103861 | Depths:1 | Found Eddyos's Jewellery Shoppe.
103865 | Depths:1 | Found Neag's Weapon Emporium.
103866 | Depths:1 | Found Duunubly's Jewellery Shoppe.
103879 | Depths:1 | Bought the ring of the Priest {rC+ Will+ Str+2} for 585
                  | gold pieces
104265 | Depths:1 | Reached skill level 14 in Ice Magic
104476 | Depths:1 | Found a gateway to Hell.
105468 | Depths:2 | Reached skill level 14 in Spellcasting
105506 | Depths:2 | Reached skill level 15 in Ice Magic
105582 | Depths:2 | Learned a level 9 spell: Polar Vortex
106423 | Hell     | Entered the Vestibule of Hell
106424 | Hell     | Noticed Geryon
106462 | Depths:3 | Reached skill level 16 in Ice Magic
107612 | Depths:3 | Noticed a caustic shrike
107615 | Depths:3 | Gained mutation: You occasionally shout uncontrollably at
                  | your foes. [mutagenic glow]
107621 | Depths:3 | Killed a caustic shrike
107633 | Depths:3 | Reached skill level 17 in Ice Magic
107772 | Depths:3 | Lost mutation: You occasionally shout uncontrollably at
                  | your foes. [potion of mutation]
107772 | Depths:3 | Lost mutation: You possess an exceptional clarity of mind.
                  | [potion of mutation]
107772 | Depths:3 | Gained mutation: You have hidden genetic defects. [potion
                  | of mutation]
107772 | Depths:3 | Lost mutation: You have hidden genetic defects. [potion of
                  | mutation]
107772 | Depths:3 | Gained mutation: Your muscles are strong. (Str +4, Int/Dex
                  | -1) [potion of mutation]
108280 | Depths:3 | Reached XP level 22. HP: 179/179 MP: 39/46
108582 | Depths:3 | Found Kitroggo's Book Boutique.
108583 | Depths:3 | Found Husmira's Jewellery Emporium.
108583 | Depths:3 | Found Jehigisi's Jewellery Emporium.
108591 | Depths:3 | Bought a book of Vapours for 598 gold pieces
108741 | Depths:4 | Entered Level 4 of the Depths
108971 | Depths:4 | Reached skill level 11 in Dodging
109166 | Depths:4 | Found a flickering gateway to a bazaar.
109172 | Bazaar   | Entered a bazaar
109174 | Bazaar   | Found Caev's Distillery.
109179 | Bazaar   | Found Cuad's Assorted Antiques.
109179 | Bazaar   | Found Fayr's Jewellery Boutique.
109179 | Bazaar   | Found Aheiquf's General Store.
109200 | Bazaar   | Bought a potion of mutation for 192 gold pieces
109200 | Bazaar   | Bought a scroll of blinking for 180 gold pieces
109208 | Bazaar   | Bought a potion of haste for 100 gold pieces
109213 | Bazaar   | Bought a potion of brilliance for 52 gold pieces
109213 | Bazaar   | Bought a potion of brilliance for 52 gold pieces
109508 | Depths:4 | Reached skill level 18 in Ice Magic
109563 | Depths:3 | Gained mutation: Your spells are a little easier to cast,
                  | but a little less powerful. [mutagenic glow]
109570 | Depths:3 | Gained mutation: Your spells are easier to cast, but less
                  | powerful. [mutagenic glow]
110245 | Depths:4 | Reached skill level 12 in Fighting
110774 | Depths:4 | Identified the amulet of Discretion {Faith rPois rN+}
110997 | Depths:4 | Found a runed translucent door.
111029 | Depths:4 | Found a runed translucent door.
111038 | Depths:4 | Found a runed translucent door.
111038 | Depths:4 | Found a runed translucent door.
111052 | Depths:4 | Found a gate to the Realm of Zot.
111284 | Depths:4 | Found a runed translucent door.
111297 | Depths:4 | Found a runed translucent door.
112596 | Slime:1  | Entered Level 1 of the Pits of Slime
113057 | Slime:2  | Lost mutation: Your muscles are strong. (Str +4, Int/Dex
                  | -1) [a shining eye]
113816 | Slime:3  | Reached skill level 12 in Dodging
114500 | Slime:4  | Reached skill level 19 in Ice Magic
114505 | Slime:3  | Gained mutation: You are clumsy. (Dex -2) [mutagenic glow]
115600 | Slime:5  | Entered Level 5 of the Pits of Slime
115847 | Slime:5  | Gained mutation: You sometimes lose your temper in combat.
                  | [a shining eye]
115848 | Slime:5  | Gained mutation: You are very clumsy. (Dex -4) [a shining
                  | eye]
115980 | Slime:4  | Lost mutation: You are very clumsy. (Dex -4) [potion of
                  | mutation]
115980 | Slime:4  | Lost mutation: You sometimes lose your temper in combat.
                  | [potion of mutation]
115980 | Slime:4  | Gained mutation: You are partially covered in iridescent
                  | scales. (AC +2) [potion of mutation]
116088 | Slime:5  | Noticed the Royal Jelly
116094 | Slime:5  | Killed the Royal Jelly
116095 | Slime:5  | Reached skill level 13 in Fighting
116164 | Slime:5  | Got a slimy rune of Zot
116348 | Slime:5  | Reached XP level 23. HP: 192/192 MP: 45/47
116384 | Slime:5  | Identified the +2 leather armour of the Bagpipe {-Cast rC+
                  | rN+ Regen+}
116390 | Slime:5  | Identified the +7 glaive "Demigod's Peril" {freeze, rElec
                  | rN+ Str+7 Stlth+}
116391 | Slime:5  | Identified the staff "Kupheps" {rElec rC+ Int+5 Ice}
116401 | Slime:5  | Got Sif Muna's Spellbook of Alchemy
116406 | Slime:5  | Identified the +12 great mace "Tycauzefeufu" {antimagic,
                  | *Slow +Blink Fly}
116446 | Slime:5  | Identified the amulet "Ydwayph" {Acrobat rElec rPois Regen+
                  | Dex-3}
116450 | Slime:5  | Identified the ring "Xoci" {Wiz rC+ MP-9 Stlth+}
117139 | Lair:5   | Killed Josephine
117317 | Lair:2   | Killed jamsaran's ghost
117410 | Lair:1   | Killed Rupert
117562 | D:6      | Bought 2 potions of cancellation for 240 gold pieces
117594 | D:7      | Killed dcgchant's ghost
117999 | Zot:1    | Entered Level 1 of the Realm of Zot
118108 | Zot:1    | Reached skill level 1 in Evocations
118795 | Zot:1    | Learned a level 6 spell: Eringya's Noxious Bog
119405 | Zot:1    | Found a huge runed translucent gate.
119405 | Zot:1    | Found a huge runed translucent gate.
119406 | Zot:1    | Found a huge runed translucent gate.
119406 | Zot:1    | Found a huge runed translucent gate.
119407 | Zot:1    | Found a huge runed translucent gate.
119407 | Zot:1    | Found a huge runed translucent gate.
119408 | Zot:1    | Found a huge runed translucent gate.
119408 | Zot:1    | Found a huge runed translucent gate.
119409 | Zot:1    | Found a huge runed translucent gate.
119410 | Zot:1    | Found a huge runed translucent gate.
119411 | Zot:1    | Found a huge runed translucent gate.
119411 | Zot:1    | Found a huge runed translucent gate.
119412 | Zot:1    | Found a huge runed translucent gate.
119412 | Zot:1    | Found a huge runed translucent gate.
119413 | Zot:1    | Found a huge runed translucent gate.
119413 | Zot:1    | Found a huge runed translucent gate.
119414 | Zot:1    | Found a huge runed translucent gate.
119416 | Zot:1    | Found a huge runed translucent gate.
119417 | Zot:1    | Found a huge runed translucent gate.
119418 | Zot:1    | Found a huge runed translucent gate.
119418 | Zot:1    | Found a huge runed translucent gate.
119438 | Zot:1    | Reached skill level 2 in Evocations
119561 | Zot:1    | Found a huge runed translucent gate.
119561 | Zot:1    | Found a huge runed translucent gate.
119562 | Zot:1    | Found a huge runed translucent gate.
119563 | Zot:1    | Found a huge runed translucent gate.
119564 | Zot:1    | Found a huge runed translucent gate.
119565 | Zot:1    | Found a huge runed translucent gate.
119566 | Zot:1    | Found a huge runed translucent gate.
119567 | Zot:1    | Found a huge runed translucent gate.
119567 | Zot:1    | Found a huge runed translucent gate.
119570 | Zot:1    | Found a huge runed translucent gate.
119577 | Zot:1    | Found a huge runed translucent gate.
119578 | Zot:1    | Found a huge runed translucent gate.
119579 | Zot:1    | Found a huge runed translucent gate.
119581 | Zot:1    | Found a huge runed translucent gate.
119582 | Zot:1    | Found a huge runed translucent gate.
119588 | Zot:1    | Identified the storm talisman of the Enchanting Gods {rF+
                  | rCorr}
120025 | Zot:2    | Noticed an electric golem
120029 | Zot:2    | Killed an electric golem
120030 | Zot:2    | Reached skill level 20 in Ice Magic
120274 | Zot:2    | Noticed a curse toe
120277 | Zot:2    | Killed a curse toe
120283 | Zot:1    | Reached skill level 13 in Dodging
120531 | Zot:2    | Noticed an orb of fire
120534 | Zot:2    | Gained mutation: You occasionally shout uncontrollably at
                  | your foes. [an orb of fire]
120536 | Zot:2    | Killed an orb of fire
120537 | Zot:2    | Reached skill level 3 in Evocations
120668 | Zot:2    | Reached skill level 8 in Stealth
121918 | Zot:2    | Learned a level 8 spell: Lehudib's Crystal Spear
122906 | Zot:2    | Noticed an electric golem
122909 | Zot:2    | Noticed an electric golem
122922 | Zot:2    | Killed an electric golem
122923 | Zot:2    | Reached skill level 11 in Earth Magic
123054 | Zot:2    | Killed an electric golem
123258 | Zot:2    | Identified the staff "Imirashroin" {rElec Conj Air}
123295 | Zot:2    | Identified the staff of Optimality {*Slow rElec rN+ Int+5
                  | Air}
124280 | Zot:3    | Noticed an electric golem
124289 | Zot:3    | Killed an electric golem
125218 | Zot:4    | Reached skill level 12 in Earth Magic
125441 | Zot:4    | Learned a level 5 spell: Borgnjor's Vile Clutch
125796 | Zot:4    | Reached skill level 13 in Earth Magic
126294 | Zot:4    | Reached XP level 24. HP: 202/202 MP: 45/47
126609 | Zot:4    | Reached skill level 14 in Earth Magic
127366 | Zot:5    | Entered Level 5 of the Realm of Zot
127736 | Zot:5    | Found a large runed translucent door.
127771 | Zot:5    | Found a large runed translucent door.
127771 | Zot:5    | Noticed Qaniympis's ghost (veteran DgEE)
127813 | Zot:5    | Identified the +7 dagger of a bailey {flame, rC- rN+ rCorr}
128068 | Zot:5    | Found the +4 dragonskin cloak {Aegis}
128068 | Zot:5    | Noticed Tiamat
128091 | Zot:5    | Reached skill level 15 in Earth Magic
128093 | Zot:5    | Killed Tiamat
129011 | Zot:5    | Noticed an orb of fire
129016 | Zot:5    | Gained mutation: You are frail. (-10% HP) [an orb of fire]
129017 | Zot:5    | Killed an orb of fire
129090 | Zot:5    | Lost mutation: You are partially covered in iridescent
                  | scales. (AC +2) [potion of mutation]
129090 | Zot:5    | Lost mutation: Your spells are easier to cast, but less
                  | powerful. [potion of mutation]
129090 | Zot:5    | Lost mutation: You occasionally shout uncontrollably at
                  | your foes. [potion of mutation]
129091 | Zot:5    | Lost mutation: Your spells are a little easier to cast, but
                  | a little less powerful. [potion of mutation]
129091 | Zot:5    | Lost mutation: You are clumsy. (Dex -2) [potion of
                  | mutation]
129091 | Zot:5    | Gained mutation: Your flesh is cold resistant. (rC+)
                  | [potion of mutation]
129091 | Zot:5    | Gained mutation: Your movements are slightly less
                  | encumbered by armour. (ER -2) [potion of mutation]
129172 | Zot:5    | Noticed a dread lich
129179 | Zot:5    | Killed a dread lich
129245 | Zot:5    | Noticed a Killer Klown
129269 | Zot:5    | Killed a Killer Klown
129548 | Zot:5    | Noticed an orb of fire
129548 | Zot:5    | Noticed an ancient lich
129570 | Zot:5    | Killed an orb of fire
129612 | Zot:5    | Noticed an orb of fire
129615 | Zot:5    | Gained mutation: You are clumsy. (Dex -2) [an orb of fire]
129617 | Zot:5    | Gained mutation: You are very frail. (-20% HP) [an orb of
                  | fire]
129617 | Zot:5    | Gained mutation: Armour fits poorly on your strangely
                  | shaped body. [an orb of fire]
129618 | Zot:5    | Killed an orb of fire
129750 | Zot:5    | Noticed an electric golem
129754 | Zot:5    | Killed an electric golem
129755 | Zot:5    | Reached skill level 16 in Earth Magic
129756 | Zot:5    | Noticed an orb of fire
129757 | Zot:5    | Killed an ancient lich
129758 | Zot:5    | Gained mutation: You are very clumsy. (Dex -4) [an orb of
                  | fire]
129760 | Zot:5    | Gained mutation: You expend magic power (3 MP) to
                  | strengthen your wands. [an orb of fire]
129761 | Zot:5    | Gained mutation: You are extremely frail. (-30% HP) [an orb
                  | of fire]
129762 | Zot:5    | Gained mutation: You occasionally lose the ability to read
                  | scrolls when taking damage. [an orb of fire]
129762 | Zot:5    | Lost mutation: You occasionally lose the ability to read
                  | scrolls when taking damage. [an orb of fire]
129763 | Zot:5    | Killed an orb of fire
129764 | Zot:5    | Noticed an orb of fire
129772 | Zot:5    | Killed an orb of fire
129772 | Zot:5    | Noticed an orb of fire
129779 | Zot:5    | Gained mutation: You are weak. (Str -2) [an orb of fire]
129795 | Zot:5    | Killed an orb of fire
129887 | Zot:5    | Lost mutation: You are extremely frail. (-30% HP) [potion
                  | of mutation]
129887 | Zot:5    | Lost mutation: You are very clumsy. (Dex -4) [potion of
                  | mutation]
129887 | Zot:5    | Lost mutation: You are weak. (Str -2) [potion of mutation]
129887 | Zot:5    | Lost mutation: Armour fits poorly on your strangely shaped
                  | body. [potion of mutation]
129887 | Zot:5    | Gained mutation: You are partially covered in iridescent
                  | scales. (AC +2) [potion of mutation]
130339 | Zot:5    | Noticed an electric golem
130344 | Zot:5    | Killed an electric golem
130357 | Zot:5    | Noticed a dread lich
130369 | Zot:5    | Killed a dread lich
130667 | Zot:5    | Reached skill level 21 in Ice Magic
130677 | Zot:5    | Noticed an ancient lich
130682 | Zot:5    | Noticed an ancient lich
130685 | Zot:5    | Killed an ancient lich
130686 | Zot:5    | Reached skill level 17 in Earth Magic
130688 | Zot:5    | Killed an ancient lich
131106 | Zot:5    | Noticed a curse toe
131111 | Zot:5    | Killed a curse toe
131431 | Zot:5    | Noticed a Killer Klown
131661 | Zot:5    | Reached skill level 14 in Fighting
131669 | Zot:5    | Killed a Killer Klown
131670 | Zot:5    | Reached XP level 25. HP: 168/168 MP: 34/47
131914 | Zot:5    | Noticed an ancient lich
131920 | Zot:5    | Killed an ancient lich
133085 | Zot:5    | Got the Orb of Zot
133521 | D:12     | Noticed Ythrap the pandemonium lord
133708 | D:1      | Noticed Omal the pandemonium lord
133712 | D:$      | Escaped with the Orb!

Vanquished Creatures
  the Royal Jelly (Slime:5)
  4 ancient liches (Zot:5)
  Tiamat (Zot:5)
  Frederick (Vaults:2)
  2 dread liches (Zot:5)
  7 orbs of fire
  2 Killer Klowns (Zot:5)
  2 curse toes
  A caustic shrike (Depths:3)
  16 golden dragons
  Nikola (Vaults:1)
  Norris (Elf:1)
  2 bone dragons (Depths:4)
  A Tzitzimitl (D:13)
  Arachne (Spider:2)
  6 electric golems
  17 tentacled monstrosities
  The ghost of Jabb the Severer, an adept DsGl of Jiyva (Elf:3)
  Jorgrun (D:15)
  Rupert (Lair:1)
  Mlioglotl (Shoals:3)
  5 quicksilver dragons
  25 Orb Guardians (Zot:5)
  3 titans
  3 liches (Depths:3)
  An Ice Fiend (Zot:5)
  Asterion (Lair:2)
  4 deep elf blademasters (Elf:3)
  A walking divine tome (Depths:4)
  3 deep elf master archers
  Polyphemus (Shoals:2)
  15 acid blobs
  5 sphinxes
  Frances (Shoals:1)
  Kirke (D:15)
  Agnes (D:15)
  7 death cobs
  A kraken (Shoals:3)
  8 storm dragons
  4 tengu reavers
  Donald (Vaults:1)
  4 shadow dragons
  Roxanne (D:15)
  13 rockslimes (Slime:5)
  5 draconian monks
  5 draconian shifters
  A protean progenitor (Zot:4)
  7 azure jellies
  8 vault wardens
  7 deep elf sorcerers
  4 draconian knights
  6 draconian scorchers
  7 emperor scorpions
  3 fire giants
  An iron dragon (Depths:4)
  9 frost giants
  6 draconian stormcallers
  3 deep elf elementalists (Elf:3)
  9 ghost moths
  2 orc warlords
  A curse skull (Vaults:3)
  7 formless jellyfish
  2 spriggan defenders
  A juggernaut zombie (Depths:1)
  11 stone giants
  13 quicksilver oozes
  6 draconian annihilators
  A juggernaut skeleton (Depths:1)
  14 very ugly things
  5 ironbound thunderhulks
  10 ironbound preservers
  4 vampire knights
  Nessos (Lair:4)
  2 broodmothers (Spider:3)
  19 black draconians
  6 deep elf demonologists
  11 dire elephants
  10 deep elf death magi
  16 green draconians
  6 red draconians
  13 purple draconians
  19 white draconians
  Azrael (Elf:1)
  2 minotaurs (Shoals:4)
  10 deep elf annihilators (Elf:3)
  The ghost of Gadrel the Destroyer, a journeyman CoFE of Gozag (Lair:5)
  12 yellow draconians
  18 spark wasps
  4 merfolk javelineers
  Snorg (Lair:4)
  4 ettins
  A blizzard demon (Zot:2)
  2 crystal guardians (Vaults:1)
  9 yaktaur captains
  10 fire dragons
  2 merfolk impalers
  4 entropy weavers
  11 deep elf high priests (Elf:3)
  Josephine (Lair:5)
  6 great orbs of eyes
  8 ice dragons
  The ghost of jamsaran the Zephyrmancer, a journeyman TeAE of Sif Muna (Lair:2)
  4 rakshasas
  5 hydras
  12 centaur warriors
  2 ogre magi
  2 spriggan air magi
  A peacekeeper (Vaults:1)
  4 vault guards
  4 ironbound frosthearts
  4 merfolk aquamancers
  2 catoblepae
  12 two-headed ogres
  2 jorogumos (Spider:4)
  3 radroaches
  3 alligator snapping turtles
  31 dancing weapons
  2 two-headed ogres (shapeshifter)
  Erica (D:11)
  11 death yaks
  8 deep troll shamans
  7 boulder beetles
  12 satyrs
  4 tengu warriors
  2 vampire magi (Vaults:3)
  11 demonic crawlers
  4 occultists
  5 hell knights (Depths:2)
  9 deep troll earth magi
  3 naga sharpshooters (Depths:2)
  5 spriggan berserkers
  5 shock serpents
  The ghost of dcgchant the Skirmisher, a novice DgHu (D:7)
  13 deep elf knights
  9 orc high priests
  Amaemon (D:8)
  8 pharaoh ants
  2 flayed ghosts
  7 skysharks
  9 iron trolls
  4 glowing orange brains
  2 shadow demons (Depths:2)
  3 sea snakes
  An obsidian statue (D:14)
  11 orb spiders
  11 deep elf archers
  3 sun moths
  3 arcanists
  61 deep trolls
  2 steelbarb worms
  13 ironbound convokers
  4 necromancers
  6 thermic dynamos (Elf:1)
  4 lindwurms
  Pikel (D:7)
  25 deep elf pyromancers
  19 deep elf zephyrmancers
  5 lightning spires (Zot:2)
  20 ugly things
  12 orc knights
  15 harpies
  18 fauns
  21 wolf spiders
  6 orc sorcerers
  An oklob plant (Lair:3)
  3 cyclopes
  Maurice (D:7)
  11 manticores
  2 shining eyes
  A fire giant zombie (Depths:1)
  8 merfolk sirens
  12 elephants
  11 meliai
  24 moths of wrath
  10 black mambas
  A water nymph (Shoals:4)
  14 vault sentinels
  A smoke demon (D:14)
  A torpor snail (Lair:3)
  A torpor snail (shapeshifter) (D:15)
  An eye of devastation (Slime:5)
  2 molten gargoyles (Lair:5)
  2 kobold blastminers (Orc:1)
  6 cane toads
  A cane toad (shapeshifter) (D:15)
  An unseen horror (D:12)
  3 centaur skeletons (D:13)
  An orange demon (D:8)
  2 kobold demonologists
  2 rime drakes
  A hellion (Zot:5)
  An ice devil (D:14)
  13 komodo dragons
  A spriggan skeleton (Depths:1)
  Jeremiah (D:6)
  5 tengu conjurers
  18 yaktaurs
  42 merfolk
  8 hornets
  A queen bee (Depths:2)
  4 polar bears
  28 tarantellas
  4 trolls
  A blink frog (shapeshifter) (D:13)
  16 blink frogs
  2 wind drakes
  A spriggan zombie (Depths:1)
  A raiju (shapeshifter) (Elf:2)
  5 glass eyes
  17 dream sheep
  87 slime creatures
  32 jumping spiders
  3 snapping turtles
  A spriggan (shapeshifter) (D:14)
  2 centaur simulacra (D:11)
  22 culicivoras
  4 spriggans
  A shadow (D:9)
  2 air elementals
  A ynoxinul (Zot:5)
  16 yaks
  21 water elementals
  4 fire elementals
  A nameless horror (D:9)
  4 wraiths (Lair:5)
  5 wyverns
  6 hogs
  6 basilisks
  3 wargs
  15 golden eyes
  A steam dragon (Lair:5)
  14 vampire mosquitoes
  A chaos spawn (Orc:2)
  Menkaure (D:4)
  41 redbacks
  3 spectral cane toads (Lair:5)
  13 water moccasins
  6 hell hounds
  Duvessa (D:7)
  13 orc warriors
  4 ice beasts
  A black bear (D:10)
  12 ogres
  2 sky beasts (D:7)
  5 boggarts (D:14)
  12 centaurs
  2 phantoms (D:5)
  A lemure (D:7)
  14 wolves
  A kobold brigand (D:8)
  Blork the orc (D:4)
  9 bullfrogs
  An earth elemental (Elf:1)
  6 scorpions
  A cane toad simulacrum (Lair:5)
  10 wights
  6 killer bees
  7 electric eels
  5 crimson imps
  A torpor snail simulacrum (Lair:5)
  A bombardier beetle (D:7)
  4 lava snakes (Lair:5)
  4 quasits
  2 hounds
  3 jellies
  18 orc priests
  2 gnoll boudas
  3 iguanas
  7 orc wizards
  2 sleepcaps
  2 hell rats (Lair:1)
  The ghost of smokerry the Cutter, a weakling KoBe of Trog (D:3)
  Robin (D:3)
  20 gnolls
  2 river rats (D:10)
  2 adders
  3 white imps
  An ufetubus (D:10)
  2 ribbon worms
  4 dart slugs
  38 orcs
  7 ball pythons
  8 bats
  11 endoplasms
  6 giant cockroaches
  18 goblins
  9 hobgoblins
  4 jackals (D:3)
  8 quokkas
  6 frilled lizards
  17 kobolds
  8 rats
  An aspiring flesh (Zot:4)
  12 tentacles
2009 creatures vanquished.

Vanquished Creatures (collateral kills)
  A lich (Depths:3)
  2 krakens
  The ghost of Boorch the Arsonist, an adept HuFE of Nemelex Xobeh (Spider:1)
  An emperor scorpion (Spider:2)
  A ghost moth (Spider:3)
  A vault warden (Vaults:2)
  An orc warlord (Vaults:1)
  A very ugly thing (Depths:2)
  2 ironbound preservers
  2 dire elephants
  An entropy weaver (Lair:2)
  A vault guard (Vaults:1)
  A merfolk avatar (Shoals:3)
  2 ice dragons
  A demonspawn (Orc:2)
  An ironbound frostheart (Vaults:4)
  A radroach (Spider:2)
  A boulder beetle (Lair:4)
  2 two-headed ogres
  2 centaur warriors
  2 merfolk aquamancers (Shoals:3)
  2 death yaks
  2 demonic crawlers (Spider:2)
  2 orc high priests (Orc:2)
  A deep elf knight (Elf:3)
  A sun demon (D:10)
  A skeletal warrior (D:13)
  A fire crab (Lair:4)
  2 sea snakes (Shoals:3)
  A skyshark (Shoals:1)
  A deep elf archer (Elf:1)
  A flayed ghost (Depths:3)
  2 orb spiders (Spider:4)
  An arcanist (Vaults:2)
  3 deep trolls
  2 steelbarb worms
  A lindwurm (Lair:5)
  An ironbound convoker (Vaults:1)
  3 orc knights
  3 harpies (Shoals:3)
  A deep elf pyromancer (Elf:1)
  An orc sorcerer (Orc:2)
  2 fauns
  6 ugly things
  A spectral boulder beetle (Lair:5)
  3 wolf spiders
  2 manticores (Shoals:3)
  A cyclops (D:12)
  3 elephants
  2 black mambas
  A meliai (D:13)
  A smoke demon (D:10)
  6 cane toads
  6 komodo dragons
  A queen bee (shapeshifter) (D:13)
  A troll (D:10)
  A hellwing (D:10)
  2 merfolk
  6 tarantellas
  A wind drake (Shoals:2)
  9 blink frogs
  4 dream sheep
  6 culicivoras
  5 slime creatures
  4 jumping spiders
  5 wyverns
  2 water elementals (Shoals:3)
  A hog (D:14)
  A basilisk (Lair:5)
  15 yaks
  A human (Lair:1)
  3 golden eyes (Slime:4)
  A steam dragon (D:9)
  A neqoxec (Orc:2)
  A vampire mosquito (D:13)
  6 redbacks
  2 hell hounds (Lair:5)
  5 water moccasins
  5 orc warriors
  A black bear (D:10)
  An ice beast (D:11)
  12 wolves
  2 centaurs
  A kobold brigand (D:9)
  A scorpion (Lair:1)
  4 bullfrogs
  3 gnoll sergeants
  4 wights (D:10)
  Dowan (D:7)
  5 killer bees (D:9)
  A lava snake (Lair:5)
  A komodo dragon simulacrum (Lair:5)
  A quasit (D:10)
  10 orc priests
  Crazy Yiuf (D:7)
  2 orc wizards (D:10)
  5 hell rats (Lair:1)
  A boggart skeleton (D:13)
  10 gnolls
  A river rat (D:10)
  4 white imps
  A ribbon worm (Lair:2)
  17 orcs
  A giant cockroach (Lair:2)
  3 kobolds (D:9)
  A tentacle (Shoals:1)
279 creatures vanquished.

Vanquished Creatures (others)
  2 storm dragons (Zot:2)
  2 draconian stormcallers (Zot:2)
  2 black draconians (Zot:2)
  A spark wasp (Zot:2)
  A sleepcap (D:7)
  An iguana (D:6)
  An orc wizard (D:11)
  An adder (D:6)
  106 fulminant prisms
  21 tentacles
138 creatures vanquished.

Grand Total: 2426 creatures vanquished

Table legend: (Time is in decaauts)
 A = Elapsed time spent in this place.
 B = Non-inter-level travel time spent in this place.
 C = Inter-level travel time spent in this place.
 D = Time resting spent in this place.
 E = Time spent auto-exploring this place.
 F = Levels seen in this place.
 G = Mean time per level.
                   A        B        C        D        E       F      G
               +--------+--------+--------+--------+--------+-----+--------+
         Total | 153659 | 144284 |   9375 |  86987 |  25550 |  53 | 2899.2 |
       Dungeon |  30549 |  27512 |   3037 |  15036 |   8345 |  15 | 2036.6 |
          Lair |  24064 |  22044 |   2020 |  15945 |   2940 |   5 | 4812.8 |
        Shoals |  13731 |  13240 |    491 |   9253 |   1809 |   4 | 3432.8 |
   Spider Nest |  13276 |  12639 |    637 |   8053 |   1900 |   4 | 3319.0 |
    Slime Pits |   6549 |   6500 |     49 |   3857 |   1402 |   5 | 1309.8 |
  Orcish Mines |   7058 |   6643 |    415 |   5215 |    357 |   2 | 3529.0 |
   Elven Halls |   8679 |   8342 |    337 |   3581 |   1954 |   3 | 2893.0 |
        Vaults |  13094 |  12328 |    766 |   6951 |   1556 |   4 | 3273.5 |
        Depths |  14064 |  13163 |    901 |   6271 |   1926 |   4 | 3516.0 |
          Hell |      2 |      2 |      0 |      0 |      0 |   1 |    2.0 |
           Zot |  22507 |  21788 |    719 |  12819 |   3357 |   5 | 4501.4 |
        Bazaar |     80 |     80 |      0 |      3 |      0 |   1 |   80.0 |
               +--------+--------+--------+--------+--------+-----+--------+

Top non-repeatable levels by time:
   Zot:5: 8323 daAuts
  Lair:4: 7401 daAuts
  Lair:5: 6762 daAuts
   Orc:2: 5618 daAuts
  Lair:2: 5361 daAuts
Shoals:3: 5324 daAuts
Spider:4: 5191 daAuts
Depths:4: 5015 daAuts
   Elf:3: 4535 daAuts
   Zot:2: 4380 daAuts
   Zot:1: 3991 daAuts
    D:13: 3754 daAuts
Vaults:1: 3693 daAuts
Depths:3: 3650 daAuts
Depths:2: 3409 daAuts

Table legend:
 A = Non-vault XP
 B = Vault XP
 C = Vault XP percentage of total XP
 D = Non-vault monster count
 E = Vault monster count
 F = Vault count percentage of total count
                 A         B        C        D         E       F
            +---------+---------+-------+---------+---------+-------
      Total |  769597 |  602928 |  43.9 |    1492 |     757 |  33.7
            +---------+---------+-------+---------+---------+-------
        D:1 |      66 |       0 |   0.0 |      30 |       0 |   0.0
        D:2 |      97 |       0 |   0.0 |      22 |       0 |   0.0
        D:3 |     149 |      58 |  28.0 |      31 |      13 |  29.5
        D:4 |     464 |     281 |  37.7 |      22 |      12 |  35.3
        D:5 |     544 |       0 |   0.0 |      21 |       0 |   0.0
        D:6 |     716 |     371 |  34.1 |      13 |       3 |  18.8
        D:7 |    2099 |    2298 |  52.3 |      19 |       9 |  32.1
        D:8 |    1050 |    1156 |  52.4 |      12 |       2 |  14.3
        D:9 |    3767 |       0 |   0.0 |      31 |       0 |   0.0
       D:10 |    2886 |    2408 |  45.5 |      27 |      14 |  34.1
       D:11 |    3915 |    2437 |  38.4 |      16 |      16 |  50.0
       D:12 |    4817 |       0 |   0.0 |      14 |       0 |   0.0
       D:13 |   11205 |    6243 |  35.8 |      35 |      15 |  30.0
       D:14 |    8469 |    2370 |  21.9 |      23 |      14 |  37.8
       D:15 |   13651 |   11802 |  46.4 |      27 |      17 |  38.6
     Lair:1 |    4469 |    3012 |  40.3 |      28 |       4 |  12.5
     Lair:2 |    9213 |    5360 |  36.8 |      28 |      19 |  40.4
     Lair:3 |   15955 |       0 |   0.0 |      38 |       0 |   0.0
     Lair:4 |   10384 |   20661 |  66.6 |      45 |      47 |  51.1
     Lair:5 |   13426 |   11989 |  47.2 |      42 |      41 |  49.4
   Shoals:1 |    9080 |    1516 |  14.3 |      19 |       1 |   5.0
   Shoals:2 |    8410 |    3192 |  27.5 |      18 |       3 |  14.3
   Shoals:3 |   27387 |    2687 |   8.9 |      52 |       2 |   3.7
   Shoals:4 |   15709 |   22194 |  58.6 |      36 |      32 |  47.1
   Spider:1 |   17398 |    6304 |  26.6 |      46 |       9 |  16.4
   Spider:2 |   22831 |    6036 |  20.9 |      58 |       9 |  13.4
   Spider:3 |   13538 |       0 |   0.0 |      32 |       0 |   0.0
   Spider:4 |   18794 |   21612 |  53.5 |      35 |      40 |  53.3
    Slime:1 |    1091 |       0 |   0.0 |       1 |       0 |   0.0
    Slime:2 |   12904 |       0 |   0.0 |      22 |       0 |   0.0
    Slime:3 |    7193 |       0 |   0.0 |      17 |       0 |   0.0
    Slime:4 |   13571 |       0 |   0.0 |      34 |       0 |   0.0
    Slime:5 |   17817 |   27842 |  61.0 |      36 |      20 |  35.7
      Orc:1 |    2067 |     128 |   5.8 |      23 |       4 |  14.8
      Orc:2 |    1969 |   13547 |  87.3 |      10 |      51 |  83.6
      Elf:1 |   23132 |   21304 |  47.9 |      34 |      31 |  47.7
      Elf:2 |   15107 |    4151 |  21.6 |      23 |       5 |  17.9
      Elf:3 |   24790 |   50253 |  67.0 |      37 |      46 |  55.4
   Vaults:1 |   27104 |   22244 |  45.1 |      42 |      24 |  36.4
   Vaults:2 |    8648 |   25036 |  74.3 |      10 |      27 |  73.0
   Vaults:3 |    8650 |   18671 |  68.3 |      15 |      22 |  59.5
   Vaults:4 |   31802 |   27664 |  46.5 |      41 |      36 |  46.8
   Depths:1 |   24564 |    6798 |  21.7 |      32 |       9 |  22.0
   Depths:2 |   45441 |   20174 |  30.7 |      61 |      29 |  32.2
   Depths:3 |   48528 |   11514 |  19.2 |      47 |       7 |  13.0
   Depths:4 |   33885 |   44327 |  56.7 |      39 |      34 |  46.6
      Zot:1 |   28177 |       0 |   0.0 |      27 |       0 |   0.0
      Zot:2 |   34332 |   34574 |  50.2 |      26 |      32 |  55.2
      Zot:3 |   10843 |    4352 |  28.6 |      10 |       2 |  16.7
      Zot:4 |   68480 |       0 |   0.0 |      52 |       0 |   0.0
      Zot:5 |   39013 |  136362 |  77.8 |      33 |      56 |  62.9
            +---------+---------+-------+---------+---------+-------
